 Dungeon Crawl Stone Soup version 0.29-a0-551-gffc1d7fb78 (webtiles) character file.

Game seed: 2101176283782159169

14 ytrimaz the Grave Robber (level 2, 0/19 HPs)
             Began as a Demonspawn Necromancer on June 6, 2022.
             Slain by a kobold
             ... wielding a +2 short sword of speed
              (1 damage)
             ... on level 2 of the Dungeon.
             The game lasted 00:01:42 (859 turns).

ytrimaz the Grave Robber (Demonspawn Necromancer)    Turns: 859, Time: 00:01:42

Health: 0/19       AC:  2    Str:  8    XL:     2   Next: 31%
Magic:  0/5        EV: 12    Int: 16    God:
Gold:   40         SH:  0    Dex: 13    Spells: 4/5 levels left

rFire   . . .      SeeInvis .   (no weapon)
rCold   . . .      Faith    .   (no shield)
rNeg    . . .      Spirit   .   a - +0 robe
rPois   .          Reflect  .   (no helmet)
rElec   .          Harm     .   (no cloak)
rCorr   .          Rampage  .   (no gloves)
Will    .....                   (no boots)
Stlth   ++........              (no amulet)
HPRegen 0.06/turn               (no ring)
MPRegen 0.09/turn               (no ring)

@: no status effects
A: demonic guardian 1
a: no special abilities


You were on level 2 of the Dungeon.
You visited 1 branch of the dungeon, and saw 2 of its levels.

You collected 40 gold pieces.

Inventory:

Armour
 a - a +0 robe (worn)
Scrolls
 d - a scroll of brand weapon
Potions
 b - a potion of magic
 e - a potion of might


   Skills:
 - Level 1.7 Dodging
 - Level 1.7 Stealth
 + Level 2.2 Spellcasting
 + Level 4.9 Necromancy


You had 4 spell levels left.
You knew the following spells:

 Your Spells              Type           Power      Damage    Failure   Level
a - Necrotize             Necr           68%        1d7       2%          1

Your spell library contained the following spells:

 Spells                   Type           Power      Damage    Failure   Level
 Vampiric Draining        Necr           17%        2d7       8%          3
 Animate Dead             Necr           17%        N/A       26%         4
 Ozocubu's Armour         Ice            1%         N/A       52%         3
 Agony                    Necr           17%        N/A       58%         5
 Ozocubu's Refrigeration  Ice            0%         4d5       100%        7


Dungeon Overview and Level Annotations

Branches:
Dungeon (2/15)

Altars:


Innate Abilities, Weirdness & Mutations

A weak demonic guardian rushes to your aid.


Message History

The kobold shouts!
The worm writhes in agony.
The worm writhes in agony.
You are too depleted to draw on your mana recklessly!
You are too depleted to draw on your mana recklessly!
Found 5 gold pieces.
The worm writhes in agony.
An endoplasm comes into view.
Aiming: Necrotize (safe; 2% risk of failure)
Press: ? - help, Q - select action Shift-Dir - straight line, f - kobold, p - worm
Aim: a kobold, wielding a +2 short sword of speed (chance to affect: 87%)
The kobold writhes in agony.
Unknown command.
The kobold attacks as you move away!
The kobold hits you with a +2 short sword of speed.
The endoplasm barely misses you. The kobold attacks as you move away!
The kobold hits you with a +2 short sword of speed.
The endoplasm hits you but does no damage.
The endoplasm attacks as you move away! The endoplasm closely misses you.
The kobold attacks as you move away!
The kobold hits you with a +2 short sword of speed.
The endoplasm attacks as you move away! The endoplasm hits you.
The kobold attacks as you move away!
The kobold hits you with a +2 short sword of speed.
The endoplasm attacks as you move away!
The endoplasm hits you but does no damage.
The endoplasm attacks as you move away! The endoplasm hits you.
* * * LOW HITPOINT WARNING * * *
The kobold attacks as you move away! The kobold completely misses you.
Aiming: Necrotize (safe; 2% risk of failure)
Press: ? - help, Q - select action Shift-Dir - straight line, f/p - kobold
Aim: a kobold, wielding a +2 short sword of speed (chance to affect: 87%)
The kobold writhes in agony.
The endoplasm freezes you.
You are frozen.
* * * LOW HITPOINT WARNING * * *
A demonic guardian appears!
The kobold hits you with a +2 short sword of speed.
You die...

##.........#.
#............
#............
#............
#........##
#........###
#..........#
###.JK.....#
#..@.5...#
#......###
#............
#......#.....
#......+.....
#......# ....
#......# ....
#.....## ...


You could see an endoplasm, a kobold (ally target) and a friendly ufetubus
(summoned).

Vanquished Creatures
  An endoplasm (D:1)
  A giant cockroach (D:1)
  2 goblins (D:1)
  2 kobolds (D:1)
  3 quokkas (D:1)
  2 ball pythons (D:1)
  A bat (D:1)
  A rat (D:1)
13 creatures vanquished.

Notes
Turn   | Place    | Note
-------+----------+-------------------------------------------
     0 | D:1      | ytrimaz the Demonspawn Necromancer began the quest for the
                  | Orb.
     0 | D:1      | Reached XP level 1. HP: 13/13 MP: 3/3
   257 | D:1      | Gained mutation: A weak demonic guardian rushes to your
                  | aid. [demonic ancestry]
   257 | D:1      | Reached XP level 2. HP: 19/19 MP: 3/5
   316 | D:1      | Noticed an eye of devastation
   321 | D:1      | Found a faded altar of an unknown god.
   323 | D:1      | Noticed an eye of devastation
   323 | D:1      | Noticed a great orb of eyes
   323 | D:1      | Noticed a shining eye
   859 | D:2      | Slain by a kobold

Illustrated notes

Levels and vault maps discovered:
D:1:      nicolae_arrival_memento_mori, layout_loops_ring,
          hellmonk_ecumenical_altar_watching_god, lemuel_old_faithful
D:2:      layout_basic, uniq_natasha

Action                   || total
-------------------------++-------
 Cast: Necrotize         ||    26
  Use: Scroll            ||     2
Armor: Robe              ||     3
Dodge: Dodged            ||     5

Table legend: (Time is in decaauts)
 A = Elapsed time spent in this place.
 B = Non-inter-level travel time spent in this place.
 C = Inter-level travel time spent in this place.
 D = Time resting spent in this place.
 E = Time spent auto-exploring this place.
 F = Levels seen in this place.
 G = Mean time per level.
                   A        B        C        D        E       F      G
               +--------+--------+--------+--------+--------+-----+--------+
         Total |    858 |    802 |     56 |      0 |    666 |   2 |  429.0 |
       Dungeon |    858 |    802 |     56 |      0 |    666 |   2 |  429.0 |
               +--------+--------+--------+--------+--------+-----+--------+

Top non-repeatable levels by time:
     D:1: 821 daAuts
     D:2: 37 daAuts
